 Dungeon Crawl Stone Soup version 0.27.1-3-gb3d3a73c9e (webtiles) character file.

Game seed: 10566903551542254083

22633 cdecastro the Eclecticist (level 12, -21/59 HPs)
             Began as a Deep Elf Earth Elementalist on Oct 11, 2021.
             Was an Elder of Vehumet.
             Demolished by a titanic slime creature (51 damage)
             ... on level 14 of the Dungeon on Oct 12, 2021.
             The game lasted 01:03:48 (21028 turns).

cdecastro the Eclecticist (DEEE)                   Turns: 21028, Time: 01:03:50

Health: -21/59     AC:  9    Str:  5    XL:     12   Next: 64%
Magic:  8/33       EV: 15    Int: 26    God:    Vehumet [****..]
Gold:   684        SH:  0    Dex: 15    Spells: 21/41 levels left

rFire    . . .     SeeInvis .   N - +4 dagger (protect)
rCold    . . .     Faith    .   (no shield)
rNeg     . . .     Spirit   .   A - +3 leather armour
rPois    .         Reflect  .   (no helmet)
rElec    .         Harm     .   O - +0 cloak
rCorr    .         Rampage  .   J - +0 pair of gloves
Will     +....                  h - +0 pair of boots
Stlth    ++++......             s - amulet of the acrobat
HPRegen  0.19/turn              d - ring of flight
MPRegen  0.23/turn              g - ring of wizardry

@: flying, studying Unarmed Combat
A: no striking features
a: Renounce Religion


You were on level 14 of the Dungeon.
You worshipped Vehumet.
Vehumet was greatly pleased with you.
You visited 2 branches of the dungeon, and saw 15 of its levels.
You also visited: Sewer.

You collected 684 gold pieces.

Inventory:

Hand Weapons
 M - a +0 vorpal shortbow
 N - a +4 dagger of protection (weapon)
 Q - the +5 spear "Giant's Doom" {flame, Dex+3}
   (You found it on level 10 of the Dungeon)

   It burns those it strikes, dealing additional fire damage.
   Dex:       It affects your dexterity (+3).
Missiles
 c - 285 stones
 e - 4 silver boomerangs
 j - 190 arrows
 t - 46 poisoned darts
 w - 2 throwing nets
 y - 143 bolts
 G - 61 sling bullets
 L - 5 silver javelins
 T - 5 curare-tipped darts
 W - 14 boomerangs
Armour
 h - a +0 pair of boots (worn)
 l - a +2 robe of fire resistance
 A - a +3 leather armour (worn)
 J - a +0 pair of gloves (worn)
 O - a +0 cloak (worn)
Magical Staves
 q - a staff of air
 S - a staff of death
Jewellery
 d - a ring of flight (left hand)
 g - a ring of wizardry (right hand)
 n - an amulet of reflection
 s - an amulet of the acrobat (around neck)
Wands
 H - a wand of flame (50)
 K - a wand of charming (19)
 P - a wand of iceblast (11)
 U - a wand of acid (7)
 X - a wand of digging (3)
Scrolls
 a - 2 scrolls of teleportation
 f - 2 scrolls of enchant weapon {unknown}
 m - 2 scrolls of noise {unknown}
 o - 4 scrolls of torment
 p - a scroll of fear {unknown}
 x - 4 scrolls of blinking
 z - a scroll of silence {unknown}
 B - 2 scrolls of immolation {unknown}
 C - 3 scrolls of magic mapping {unknown}
 D - a scroll of amnesia {unknown}
 E - 2 scrolls of summoning {unknown}
 R - a scroll of fog {unknown}
Potions
 b - 5 potions of flight
 i - 4 potions of brilliance
 k - a potion of degeneration {unknown}
 r - 2 potions of cancellation
 u - 6 potions of curing
 v - 7 potions of heal wounds
 F - 2 potions of ambrosia
 I - a potion of invisibility {unknown}
 V - a potion of attraction {unknown}
 Y - a potion of resistance
 Z - a potion of mutation


   Skills:
 - Level 10.0 Dodging
 - Level 10.0 Stealth
 - Level 15.0 Spellcasting
 - Level 10.0 Conjurations
 - Level 5.0 Transmutations
 - Level 5.0 Ice Magic
 + Level 10.2 Earth Magic


You had 21 spell levels left.
You knew the following spells:

 Your Spells              Type           Power      Damage    Failure   Level
a - Sandblast             Erth           100%       2d20      1%          1
b - Passwall              Tmut/Erth      46%        N/A       1%          2
c - Stone Arrow           Conj/Erth      100%       3d13      1%          3
d - Petrify               Tmut/Erth      56%        N/A       1%          4
e - Magic Dart            Conj           100%       1d8       1%          1
f - Searing Ray           Conj           100%       3d7       1%          2
g - Frozen Ramparts       Ice            90%        1d11      1%          3
h - Iskenderun's Mystic   Conj/Tloc      45%        2d10      1%          4

Your spell library contained the following spells:

 Spells                   Type           Power      Damage    Failure   Level


Dungeon Overview and Level Annotations

Branches:
Dungeon (14/15)            Temple (1/1) D:5            Lair (0/6) D:11
    Orc (0/2) D:11          Sewer (visited)
 Vaults: D:13-14

Altars:
Ashenzari
Cheibriados
Dithmenos
Elyvilon
Fedhas
Gozag
Hepliaklqana
Kikubaaqudgha
Makhleb
Nemelex Xobeh
Okawaru
Qazlal
Ru
Sif Muna
Trog
Uskayaw
Vehumet
Wu Jian
Xom
Yredelemnul
Zin
The Shining One

Annotations:
D:6 2 runed translucent doors
D:7 Harold
D:14 exclusion: boggart


Message History

The helpless titanic slime creature fails to defend itself.
You impale the titanic slime creature!!
The titanic slime creature is heavily wounded.
The helpless titanic slime creature fails to defend itself.
You impale the titanic slime creature!!
The titanic slime creature is severely wounded.
The helpless titanic slime creature fails to defend itself.
You stick the titanic slime creature like a pincushion!!!
The titanic slime creature is severely wounded.
The helpless titanic slime creature fails to defend itself.
You impale the titanic slime creature!!
The titanic slime creature is severely wounded.
The helpless titanic slime creature fails to defend itself.
You stick the titanic slime creature like a pincushion!!!
The titanic slime creature is almost dead.
The helpless titanic slime creature fails to defend itself.
You impale the titanic slime creature!!
The titanic slime creature is almost dead.
The titanic slime creature is no longer petrified.
The titanic slime creature barely misses you.
You hit the titanic slime creature.
The titanic slime creature is almost dead.
The titanic slime creature closely misses you.
Casting: Petrify (dangerous; 1% risk of failure)
Confirm with . or Enter, or press ? or * to list all spells.
Aiming: Petrify (dangerous; 1% risk of failure)
Press: ? - help, Shift-Dir - straight line, f/p - titanic slime creature
Aim: a titanic slime creature (almost dead, chance to affect: 59%)
The titanic slime creature resists with significant effort.
The titanic slime creature barely misses you.
Unknown command.
Casting: Petrify (dangerous; 1% risk of failure)
Confirm with . or Enter, or press ? or * to list all spells.
Aiming: Petrify (dangerous; 1% risk of failure)
Press: ? - help, Shift-Dir - straight line, f/p - titanic slime creature
Aim: a titanic slime creature (almost dead, chance to affect: 59%)
The titanic slime creature is moving more slowly.
The titanic slime creature hits you!!!
Ouch! That really hurt!
You die...

###.##### ##.##
##.#.....# #..#
...#.###.# #####.##
##.....#.######......#
####.###.##..........#
##)#.#......###......#
##.###.#.#### #......#
#>....#.# #......#
######### ##@#####
#J##### #.....##
#####..## ##..# ##.#
#'# #.........#
#..J......#


You could see a titanic slime creature (petrifying).

Vanquished Creatures
  2 hydras
  6 two-headed ogres
  Sonja (D:10)
  A wizard (D:14)
  An orc knight (D:12)
  An orc sorcerer (D:13)
  2 ugly things
  2 manticores
  3 cyclopes
  A cyclops (shapeshifter) (D:13)
  A gargoyle (D:12)
  Psyche (D:8)
  A kobold demonologist (D:10)
  3 tengu conjurers (D:14)
  A meliai (D:14)
  4 trolls
  Prince Ribbit (D:5)
  15 yaks
  A shadow (D:11)
  A vampire (D:11)
  3 wraiths
  2 wyverns
  A basilisk (D:14)
  Menkaure (D:7)
  9 vampire mosquitoes
  2 acid dragons
  A water moccasin (D:8)
  2 ice beasts (D:7)
  4 orc warriors
  3 sky beasts
  3 ogres
  5 wolves
  4 centaurs
  A kobold brigand (Sewer)
  2 bullfrogs
  A gnoll sergeant (D:5)
  A scorpion (D:5)
  A wyvern skeleton (D:7)
  2 water moccasin skeletons
  5 killer bees (D:7)
  An electric eel (D:11)
  5 wights (D:9)
  10 howler monkeys
  4 crimson imps (D:4)
  A bullfrog zombie (D:7)
  2 centaur zombies (D:10)
  9 hounds
  2 jellies (D:7)
  An orc priest (D:11)
  A centaur skeleton (D:7)
  2 gnoll shamans
  Ijyb (D:2)
  An iguana (D:5)
  8 orc wizards
  Natasha (thrice) (D:3)
  2 killer bee zombies
  2 howler monkey zombies
  16 gnolls
  A howler monkey skeleton (D:6)
  9 adders
  A river rat (Sewer)
  A shadow imp (D:8)
  An ufetubus (D:5)
  An adder skeleton (D:4)
  3 worms
  57 orcs
  8 ball pythons
  6 bats
  9 endoplasms
  4 giant cockroaches
  5 hobgoblins
  19 jackals
  3 quokkas
  8 frilled lizards
  13 goblins
  11 kobolds
  10 rats
  A spectral goblin (D:8)
344 creatures vanquished.

Vanquished Creatures (others)
  3 plants (D:5)
3 creatures vanquished.

Grand Total: 347 creatures vanquished

Notes
Turn   | Place    | Note
-------+----------+-------------------------------------------
     0 | D:1      | cdecastro the Deep Elf Earth Elementalist began the quest
                  | for the Orb.
     0 | D:1      | Reached XP level 1. HP: 10/10 MP: 6/6
   455 | D:1      | Reached XP level 2. HP: 12/15 MP: 4/8
  1444 | D:1      | Reached XP level 3. HP: 15/19 MP: 9/9
  1653 | D:2      | Learned a level 2 spell: Passwall
  1657 | D:2      | Learned a level 3 spell: Stone Arrow
  1726 | D:2      | Reached skill level 5 in Earth Magic
  1844 | D:2      | Reached skill level 1 in Conjurations
  2134 | D:2      | Reached XP level 4. HP: 17/24 MP: 5/10
  2376 | D:2      | Found a faded altar of an unknown god.
  2593 | D:2      | Noticed Ijyb
  2610 | D:2      | Paralysed by Ijyb for 2 turns
  2612 | D:2      | Killed Ijyb
  2994 | D:3      | Noticed Natasha
  3039 | D:3      | Killed Natasha
  3040 | D:3      | Reached XP level 5. HP: 28/28 MP: 8/11
  3120 | D:3      | Noticed Natasha
  3209 | D:3      | Killed Natasha
  3409 | D:3      | Noticed Natasha
  3416 | D:3      | Killed Natasha
  4226 | D:3      | Found an ancient bone altar of Kikubaaqudgha.
  4238 | D:3      | Reached skill level 5 in Conjurations
  4429 | D:3      | Found a sparkling altar of Nemelex Xobeh.
  4607 | D:4      | Reached XP level 6. HP: 32/32 MP: 3/13
  4714 | D:4      | Reached skill level 4 in Spellcasting
  5209 | D:4      | Reached skill level 5 in Spellcasting
  5316 | D:4      | Reached skill level 6 in Spellcasting
  5457 | D:4      | Found a shimmering altar of Xom.
  5471 | D:4      | Reached XP level 7. HP: 36/36 MP: 6/19
  5478 | D:4      | Reached skill level 7 in Spellcasting
  5623 | D:5      | Entered Level 5 of the Dungeon
  5623 | D:5      | Found a glowing drain.
  5742 | Sewer    | Entered a sewer
  5859 | Sewer    | Reached skill level 8 in Spellcasting
  5912 | Sewer    | Found a glowing silver altar of Zin.
  6061 | D:5      | Found a burning altar of Makhleb.
  6294 | D:5      | Reached skill level 9 in Spellcasting
  6626 | D:5      | Reached XP level 8. HP: 41/41 MP: 8/23
  6729 | D:5      | Found a staircase to the Ecumenical Temple.
  6879 | D:5      | Reached skill level 10 in Spellcasting
  6973 | Temple   | Entered the Ecumenical Temple
  7033 | Temple   | Became a worshipper of Vehumet
  7440 | D:5      | Reached skill level 5 in Dodging
  7445 | D:5      | Learned a level 4 spell: Petrify
  7476 | D:5      | Noticed Prince Ribbit
  7480 | D:5      | Killed Prince Ribbit
  7481 | D:5      | Reached skill level 5 in Stealth
  7886 | D:5      | Reached * piety under Vehumet
  7886 | D:5      | Offered knowledge of Magic Dart by Vehumet.
  7897 | D:5      | Learned a level 1 spell: Magic Dart
  8922 | D:6      | Found a hide-covered altar of Uskayaw.
  9001 | D:6      | Found a broken altar of Ashenzari.
  9053 | D:6      | Found a runed translucent door.
  9054 | D:6      | Found a runed translucent door.
  9098 | D:6      | Noticed a manticore
  9303 | D:7      | Reached XP level 9. HP: 45/45 MP: 12/25
  9478 | D:7      | Noticed Harold
  9823 | D:7      | Noticed Menkaure
  9829 | D:7      | Killed Menkaure
 10200 | D:7      | Found a blossoming altar of Fedhas.
 10255 | D:7      | Found a shadowy altar of Dithmenos.
 10258 | D:7      | Found an ornate altar of the Wu Jian Council.
 10261 | D:7      | Found a bloodstained altar of Trog.
 10261 | D:7      | You are sucked into a shaft and drop 2 floors!
 10700 | D:10     | Entered Level 10 of the Dungeon
 10736 | D:10     | Found a glowing golden altar of the Shining One.
 10851 | D:9      | Noticed a two-headed ogre
 10875 | D:9      | Killed a two-headed ogre
 10876 | D:9      | Reached skill level 10 in Earth Magic
 11027 | D:8      | Reached skill level 5 in Transmutations
 11550 | D:8      | Reached ** piety under Vehumet
 11570 | D:8      | Offered knowledge of Searing Ray by Vehumet.
 11574 | D:8      | Learned a level 2 spell: Searing Ray
 11645 | D:8      | Found a hazy altar of Hepliaklqana.
 11675 | D:8      | Noticed Psyche
 12007 | D:8      | Killed Psyche
 12008 | D:8      | Reached XP level 10. HP: 50/50 MP: 14/26
 13328 | D:9      | Offered knowledge of Frozen Ramparts by Vehumet.
 13514 | D:9      | Reached skill level 10 in Conjurations
 14042 | D:10     | Reached *** piety under Vehumet
 14111 | D:10     | Identified the +5 spear "Giant's Doom" {flame, Dex+3}
 14120 | D:10     | Noticed a two-headed ogre
 14133 | D:10     | Killed a two-headed ogre
 14134 | D:10     | Reached XP level 11. HP: 54/54 MP: 14/27
 14400 | D:10     | Learned a level 3 spell: Frozen Ramparts
 14660 | D:10     | Noticed Sonja
 14888 | D:10     | HP: 1/54 [acid (15)]
 15355 | D:10     | Killed Sonja
 15356 | D:10     | Reached skill level 10 in Dodging
 16074 | D:11     | Found a staircase to the Lair.
 16688 | D:11     | Reached skill level 5 in Ice Magic
 16792 | D:11     | Found a staircase to the Orcish Mines.
 16901 | D:11     | Offered knowledge of Iskenderun's Mystic Blast by Vehumet.
 16913 | D:11     | Learned a level 4 spell: Iskenderun's Mystic Blast
 17433 | D:12     | Noticed a two-headed ogre
 17445 | D:12     | Killed a two-headed ogre
 17935 | D:12     | Noticed a purple ugly thing
 17962 | D:12     | Killed a purple ugly thing
 18019 | D:12     | Noticed a two-headed ogre
 18031 | D:12     | Killed a two-headed ogre
 18032 | D:12     | Reached skill level 10 in Stealth
 18565 | D:12     | Noticed a two-headed ogre
 18569 | D:12     | Killed a two-headed ogre
 18846 | D:13     | Noticed a two-headed ogre
 18852 | D:13     | Killed a two-headed ogre
 18853 | D:13     | Reached skill level 11 in Spellcasting
 18853 | D:13     | Reached XP level 12. HP: 59/59 MP: 14/29
 19304 | D:13     | Noticed a four-headed hydra
 19318 | D:13     | Killed a four-headed hydra
 19319 | D:13     | Reached skill level 12 in Spellcasting
 19714 | D:12     | Reached skill level 13 in Spellcasting
 20457 | D:14     | Reached **** piety under Vehumet
 20521 | D:14     | Reached skill level 14 in Spellcasting
 20685 | D:14     | Noticed a six-headed hydra
 20756 | D:14     | Killed a six-headed hydra
 20965 | D:14     | Reached skill level 15 in Spellcasting
 21028 | D:14     | Demolished by a titanic slime creature

Illustrated notes

Levels and vault maps discovered:
D:1:      dpeg_arrival_yet_another_circle, layout_basic
D:2:      kennysheep_the_goblin_king, layout_loops_cross,
          hellmonk_ecumenical_altar_crossroads, kennysheep_generic_room_5
D:3:      layout_basic, mainiacjoe_overflow_brackets, lemuel_doored_altar,
          uniq_natasha
D:4:      layout_rooms, led_xom_imps, grunt_ministairs_10
D:5:      lemuel_castle_with_subvaults [lemuel_castle_interior_carwin_2],
          layout_loops_corners, old_standard_altar,
          minmay_temple_entry_proselytizer, cheibrodos_sewer_entry_drain,
          uniq_prince_ribbit1
D:6:      lemuel_insect_pit, layout_cave_pods, kennysheep_mini_moat,
          ashenzari_altar_1
D:7:      layout_basic, grunt_temple_overflow_cloverleaf, uniq_menkaure,
          uniq_harold
D:8:      layout_basic, nicolae_hepliaklqana_monster_ancestors, hex_large,
          uniq_psyche
D:9:      layout_layer_cave, minmay_quadrilaterals
D:10:     layout_basic, tso_metal_star, uniq_sonja
D:11:     layout_gridville, erik_lair_island, hiddenorc1_lemuel
D:12:     layout_loops_corners
D:13:     layout_irregular_city
D:14:     layout_roguey, hangedman_vaults_entry_quadrant_bands,
          minmay_pinched_square
Temple:   zaba_magenta_temple

Skill      XL: |  1  2  3  4  5  6  7  8  9 10 11 12 |
---------------+-------------------------------------+-----
Earth Magic    | 4 5 7 10 | 10.2
Conjurations   | 2 3 5 6 10 | 10.0
Spellcasting   | 6 9 10 11 15 | 15.0
Dodging        | 5 9 10 | 10.0
Stealth        | 5 10 | 10.0
Transmutations | 5 |  5.0
Ice Magic      | 5 |  5.0

Action                   |  1- 3 |  4- 6 |  7- 9 | 10-12 || total
-------------------------+-------+-------+-------+-------++-------
Melee: Unarmed           |    16 |       |     4 |       ||    20
       Dagger            |    98 |   234 |   133 |   117 ||   582
       Spear             |       |       |       |     7 ||     7
 Cast: Sandblast         |    24 |    27 |    33 |    38 ||   122
       Stone Arrow       |       |    27 |   141 |   155 ||   323
       Magic Dart        |       |       |     4 |    15 ||    19
       Petrify           |       |       |     3 |    18 ||    21
       Searing Ray       |       |       |     1 |    15 ||    16
       Frozen Ramparts   |       |       |       |     5 ||     5
Evoke: Wand              |       |       |       |     5 ||     5
  Use: Scroll            |       |       |     3 |     7 ||    10
 Stab: Sleeping          |     8 |     4 |     1 |     6 ||    19
       Petrified         |       |       |     4 |    31 ||    35
       Paralysed         |       |       |       |     2 ||     2
       Petrifying        |       |       |       |     1 ||     1
Armor: Robe              |    43 |    73 |     3 |       ||   119
       Leather armour    |       |       |    61 |    60 ||   121
Dodge: Dodged            |    87 |   184 |   117 |   177 ||   565
